Saguenéens vs Rafales
Created - October 22, 2019 at 19:46
Goals
|
Saguenéens |
2 |
1 |
2 |
5 |
Rafales |
4 |
3 |
2 |
9 |
|
Shots
|
Saguenéens |
14 |
6 |
17 |
37 |
Rafales |
13 |
11 |
12 |
36 |
|
1st period
1. Saguenéens , Carl Hagelin 1 (Dalton Prout 1, Jake McCabe 2) at 6:24
2. Rafales , Nathan Davis 1 (Andrew Shaw 1, Ben Thomson 1) at 8:07
3. Rafales , Maksim Mayorov 1 (Tim Crowder 1, Cedric Paquette 1) at 10:48
4. Rafales , Connor Murphy 1 (Carl Klingberg 1, Nathan Davis 1) at 13:41
5. Rafales , Carl Klingberg 1 (Andrew Shaw 2, Connor Murphy 1) at 16:33
6. Saguenéens , Michael Latta 3 (Luke Witkowski 1, Mason Raymond 4) at 19:23
Penalties :
No Penalty
2nd period
7. Rafales , Ben Thomson 1 (Bruno Gervais 1) at 2:49
8. Rafales , Maksim Mayorov 2 (Tim Crowder 2, Connor Murphy 2) at 6:56
9. Rafales , Nathan Davis 2 (Carl Klingberg 2, Andrew Shaw 3) at 16:17 (PP)
10. Saguenéens , Duncan Siemens 1 (Teemu Pulkkinen 1, Nick Mattson 1) at 17:31
Penalties :
Jayson Megna (Stf) for Fighting (Major) at 15:37, Julius Honka (Chi) for Fighting (Major) at 15:37, Adam Erne (Chi) for High sticking (Minor) at 16:06
3rd period
11. Saguenéens , Rhett Rakhshani 1 (Carl Hagelin 2) at 2:23
12. Rafales , Nathan Davis 3 (Cedric Paquette 2, Dylan McIlrath 1) at 5:47
13. Saguenéens , Dalton Prout 1 (Jake McCabe 3, Carl Hagelin 3) at 13:44
14. Rafales , Nathan Davis 4 (Andrew Shaw 4, Carl Klingberg 3) at 16:44
Penalties :
Adam Erne (Chi) for Interference (Minor) at 8:00, Connor Murphy (Stf) for Interference (Minor) at 17:31
Goalie Stats
Joe Cannata (Chi), 16 saves from 21 shots - (0.762), 30:46 minutes
Tyler Beskorowany (Chi), 11 saves from 15 shots - (0.733), L, 0-1-0, 29:14 minutes
Leland Irving (Stf), 32 saves from 37 shots - (0.865), W, 1-0-0, 60:00 minutes
Players Stats for Saguenéens
Player Name G A P +/- PIM S H SB GA TA FO MP PP MP PK MP
------------------------------------------------------------------------------------
Adam Erne 0 0 0 -2 4 2 0 0 0 0 1/2 13:16 0:00 0:00
Alexander Wennberg 0 0 0 -1 0 1 0 2 0 0 7/14 19:05 0:34 0:26
Calle Andersson 0 0 0 -2 0 0 0 0 0 0 0/0 3:54 0:00 0:00
Carl Hagelin 1 2 3 -1 0 7 0 0 0 2 2/2 18:39 0:34 0:00
Craig Cunningham 0 0 0 -2 0 1 3 0 1 1 0/0 13:40 0:00 0:27
Dalton Prout 1 1 2 -3 0 1 3 5 1 0 0/0 28:22 1:30 1:22
Duncan Siemens 1 0 1 0 0 3 2 2 0 0 0/0 12:20 0:00 0:00
Henrik Samuelsson 0 0 0 0 0 0 0 0 0 0 0/0 0:00 0:00 0:00
Jake McCabe 0 2 2 0 0 0 1 0 0 0 0/0 24:33 1:30 1:22
Jonathan Drouin 0 0 0 0 0 0 0 0 0 0 0/0 0:11 0:00 0:00
Julius Honka 0 0 0 -1 5 0 1 1 0 0 0/0 12:14 0:00 0:00
Juraj Mikus 0 0 0 -2 0 5 3 0 1 1 1/3 13:13 0:00 0:00
Luke Witkowski 0 1 1 0 0 6 1 0 2 2 2/3 27:04 1:25 1:17
Mason Raymond 0 1 1 0 0 1 2 0 0 0 0/0 19:55 1:25 1:17
Mattias Janmark 0 0 0 0 0 0 0 0 0 0 0/0 0:27 0:00 0:27
Michael Latta 1 0 1 0 0 5 0 0 2 1 13/29 18:59 1:25 0:26
Mikhail Grigorenko 0 0 0 0 0 0 0 0 0 0 0/0 0:00 0:00 0:00
Myles Bell 0 0 0 0 0 0 0 0 0 0 0/0 0:00 0:00 0:00
Nick Mattson 0 1 1 0 0 0 1 0 0 0 0/0 19:18 0:29 0:48
Nick Paul 0 0 0 0 0 0 0 0 0 0 0/0 0:00 0:00 0:00
Patrick Sieloff 0 0 0 0 0 1 1 0 0 1 0/0 19:18 0:29 0:48
Rhett Rakhshani 1 0 1 -1 0 3 1 0 1 1 0/0 18:39 0:34 0:00
Tanner Richard 0 0 0 0 0 0 1 0 1 0 0/3 7:20 0:00 0:00
Teemu Pulkkinen 0 1 1 0 0 1 0 1 1 0 0/0 7:20 0:00 0:00
Victor Olofsson 0 0 0 0 0 0 0 0 0 0 0/0 0:00 0:00 0:00
Players Stats for Rafales
Player Name G A P +/- PIM S H SB GA TA FO MP PP MP PK MP
------------------------------------------------------------------------------------
Andrew Shaw 0 4 4 2 0 3 3 2 3 0 2/4 21:07 1:18 1:06
Ben Johnson 0 0 0 0 0 0 0 0 0 0 0/0 0:00 0:00 0:00
Ben Thomson 1 1 2 1 0 3 0 0 1 0 0/0 8:31 0:00 0:00
Brad Ross 0 0 0 0 0 0 0 0 0 0 0/0 1:07 0:00 0:38
Brian Ferlin 0 0 0 -2 0 0 4 1 0 0 0/0 16:15 0:52 0:11
Bruno Gervais 0 1 1 4 0 1 3 5 1 0 0/0 27:50 1:20 1:09
Carl Klingberg 1 3 4 2 0 5 0 0 1 0 2/3 21:03 1:18 1:07
Cedric Paquette 0 2 2 2 0 2 5 0 0 0 1/2 13:01 0:00 0:00
Chris Terry 0 0 0 -2 0 1 1 0 0 0 0/0 16:04 0:52 0:00
Connor Murphy 1 2 3 4 2 6 0 0 2 2 0/0 27:09 1:20 0:00
Dylan McIlrath 0 1 1 2 0 1 0 0 0 2 0/0 20:02 0:50 0:50
James Marcou 0 0 0 1 0 0 0 0 0 0 1/1 8:31 0:00 0:00
Jayson Megna 0 0 0 1 5 1 0 0 0 1 3/4 7:59 0:00 0:00
Joey Laleggia 0 0 0 -3 0 1 1 0 0 3 0/0 12:08 0:00 0:00
Julian Melchiori 0 0 0 2 0 0 1 1 1 1 0/0 20:02 0:50 0:50
Kevin Veilleux 0 0 0 -2 0 0 0 0 0 0 4/8 16:04 0:52 0:00
Maksim Mayorov 2 0 2 2 0 2 1 0 0 0 0/0 13:01 0:00 0:00
Nathan Davis 4 1 5 2 0 6 2 0 0 1 17/33 20:07 1:18 0:11
Ryan Bourque 0 0 0 0 0 0 0 0 0 0 0/0 0:26 0:00 0:00
Slater Koekkoek 0 0 0 -3 0 1 0 3 0 0 0/0 13:17 0:00 1:09
Tim Crowder 0 2 2 2 0 3 0 0 0 0 0/0 13:01 0:00 0:00
Tyrell Goulbourne 0 0 0 0 0 0 0 0 0 0 0/1 1:14 0:00 0:45
3 Stars
1 - Nathan Davis (Stf)
2 - Carl Klingberg (Stf)
3 - Andrew Shaw (Stf)
Power Play
Saguenéens - 0 on 1 Attempt(s) - 0.00%
Rafales - 1 on 2 Attempt(s) - 50.00%
Penalty Kill
Saguenéens - 1 on 2 Attempt(s) - 50.00%
- Score 0 goal in Penalty Kill
Rafales - 1 on 1 Attempt(s) - 100.00%
- Score 0 goal in Penalty Kill
Team Stat
Saguenéens - Hits : 20 - Faceoff Wins : 26 - Blocked Shots : 11 - Penalty Minutes : 9
Rafales - Hits : 21 - Faceoff Wins : 30 - Blocked Shots : 12 - Penalty Minutes : 7
Official
Referees : Unknown
Linesman : Unknown
Game Notes
Tyler Beskorowany enters game at 16:33 of 1st period
Jayson Megna and Julius Honka fight to a draw at 15:37 of 2nd period
Nathan Davis has scored a Hat Trick!
Joe Cannata enters game at 5:47 of 3rd period
Finance
Level 1 -- Attendance: 1599 (79.95%) -- Ticket Income $63,960
Level 2 -- Attendance: 733 (73.30%) -- Ticket Income $14,660
Total Attendance: 2332 (77.73%)
Total Ticket Income: $78,620
Other Income: $3,931
Total Income: $82,551
Saguenéens
5 vs 5 Forward
Center Left Wing Right Wing Time % Phy DF OF
1 Michael Latta Mason Raymond Luke Witkowski 40 1 2 2
2 Alexander Wennberg Carl Hagelin Rhett Rakhshani 30 1 2 2
3 Juraj Mikus Craig Cunningham Adam Erne 20 1 2 2
4 Tanner Richard Teemu Pulkkinen Luke Witkowski 10 1 2 2
5 vs 5 Defense
Defense Defense Time % Phy DF OF
1 Dalton Prout Jake McCabe 40 1 2 2
2 Nick Mattson Patrick Sieloff 30 1 2 2
3 Duncan Siemens Julius Honka 20 1 2 2
4 Calle Andersson Dalton Prout 10 1 2 2
PowerPlay Forward
Center Left Wing Right Wing Time % Phy DF OF
1 Michael Latta Mason Raymond Luke Witkowski 60 1 2 2
2 Alexander Wennberg Carl Hagelin Rhett Rakhshani 40 1 2 2
PowerPlay Defense
Defense Defense Time % Phy DF OF
1 Dalton Prout Jake McCabe 60 1 2 2
2 Nick Mattson Patrick Sieloff 40 1 2 2
Penalty Kill 4 Players Forward
Center Wing Time % Phy DF OF
1 Luke Witkowski Mason Raymond 60 1 2 2
2 Michael Latta Alexander Wennberg 40 1 2 2
Penalty Kill 4 Players Defense
Defense Defense Time % Phy DF OF
1 Dalton Prout Jake McCabe 60 1 2 2
2 Nick Mattson Patrick Sieloff 40 1 2 2
Penalty Kill - 3 Players Forward
Forward Time % Phy DF OF
1 Luke Witkowski 60 1 2 2
2 Mason Raymond 40 1 2 2
Penalty Kill - 3 Players Defense
Defense Defense Time % Phy DF OF
1 Dalton Prout Jake McCabe 60 1 2 2
2 Nick Mattson Patrick Sieloff 40 1 2 2
4 vs 4 Forward
Center Wing Time % Phy DF OF
1 Luke Witkowski Mason Raymond 60 1 2 2
2 Michael Latta Alexander Wennberg 40 1 2 2
4 vs 4 Defense
Defense Defense Time % Phy DF OF
1 Dalton Prout Jake McCabe 60 1 2 2
2 Nick Mattson Patrick Sieloff 40 1 2 2
Last Minutes Offensive
Center Left Wing Right Wing Defense Defense
Michael Latta Mason Raymond Luke Witkowski Dalton Prout Jake McCabe
Last Minutes Defensive
Center Left Wing Right Wing Defense Defense
Michael Latta Mason Raymond Luke Witkowski Dalton Prout Jake McCabe
Goaltenders
Starting : Joe Cannata
Backup : Tyler Beskorowany
Extra Forwards
Normal : Jonathan Drouin, Henrik Samuelsson, Mattias Janmark - PP : Jonathan Drouin, Henrik Samuelsson - PK : Mattias Janmark
Extra Defensemen
Normal : Duncan Siemens, Julius Honka, Calle Andersson - PP : Duncan Siemens - PK : Julius Honka, Calle Andersson
Penalty Shots
Luke Witkowski, Mason Raymond, Michael Latta, Alexander Wennberg, Carl Hagelin
Scratches
Dylan Labbe (Healthy), Kerby Rychel (Suspend), Clark Bishop (Healthy), Nikita Scherbak (Healthy), JJ. Piccinich (Healthy)
Michael Giugovaz (Healthy)
Rafales
5 vs 5 Forward
Center Left Wing Right Wing Time % Phy DF OF
1 Nathan Davis Carl Klingberg Andrew Shaw 40 1 2 2
2 Kevin Veilleux Chris Terry Brian Ferlin 30 1 2 2
3 Cedric Paquette Maksim Mayorov Tim Crowder 20 1 2 2
4 Jayson Megna Ben Thomson James Marcou 10 1 2 2
5 vs 5 Defense
Defense Defense Time % Phy DF OF
1 Bruno Gervais Connor Murphy 40 1 2 2
2 Dylan McIlrath Julian Melchiori 30 1 2 2
3 Joey Laleggia Slater Koekkoek 20 1 2 2
4 Bruno Gervais Connor Murphy 10 1 2 2
PowerPlay Forward
Center Left Wing Right Wing Time % Phy DF OF
1 Nathan Davis Carl Klingberg Andrew Shaw 60 1 2 2
2 Kevin Veilleux Chris Terry Brian Ferlin 40 1 2 2
PowerPlay Defense
Defense Defense Time % Phy DF OF
1 Bruno Gervais Connor Murphy 60 1 2 2
2 Dylan McIlrath Julian Melchiori 40 1 2 2
Penalty Kill 4 Players Forward
Center Wing Time % Phy DF OF
1 Andrew Shaw Carl Klingberg 60 1 2 2
2 Nathan Davis Brian Ferlin 40 1 2 2
Penalty Kill 4 Players Defense
Defense Defense Time % Phy DF OF
1 Bruno Gervais Connor Murphy 60 1 2 2
2 Dylan McIlrath Julian Melchiori 40 1 2 2
Penalty Kill - 3 Players Forward
Forward Time % Phy DF OF
1 Andrew Shaw 60 1 2 2
2 Carl Klingberg 40 1 2 2
Penalty Kill - 3 Players Defense
Defense Defense Time % Phy DF OF
1 Bruno Gervais Connor Murphy 60 1 2 2
2 Dylan McIlrath Julian Melchiori 40 1 2 2
4 vs 4 Forward
Center Wing Time % Phy DF OF
1 Andrew Shaw Carl Klingberg 60 1 2 2
2 Nathan Davis Brian Ferlin 40 1 2 2
4 vs 4 Defense
Defense Defense Time % Phy DF OF
1 Bruno Gervais Connor Murphy 60 1 2 2
2 Dylan McIlrath Julian Melchiori 40 1 2 2
Last Minutes Offensive
Center Left Wing Right Wing Defense Defense
Nathan Davis Carl Klingberg Andrew Shaw Bruno Gervais Connor Murphy
Last Minutes Defensive
Center Left Wing Right Wing Defense Defense
Nathan Davis Carl Klingberg Andrew Shaw Bruno Gervais Connor Murphy
Goaltenders
Starting : Leland Irving
Backup : Jake Allen
Extra Forwards
Normal : Andrew Shaw, Ryan Bourque, Tyrell Goulbourne - PP : Carl Klingberg, Ryan Bourque - PK : Tyrell Goulbourne
Extra Defensemen
Normal : Joey Laleggia, Slater Koekkoek, Dylan McIlrath - PP : Joey Laleggia - PK : Slater Koekkoek, Dylan McIlrath
Penalty Shots
Andrew Shaw, Carl Klingberg, Nathan Davis, Brian Ferlin, Tim Crowder
Scratches
Ben Sexton (Healthy), David Broll (Healthy), Akim Aliu (Healthy), Chris Driedger (Healthy), Sean Maguire (Healthy)
% Time on Ice - Saguenéens
Lines # - Real PCT - Wanted PCT - Time Play
Normal Forward
1 - 31% - 40% - 17:13
2 - 32% - 30% - 18:05
3 - 24% - 20% - 13:13
4 - 13% - 10% - 7:20
Normal Defense
1 - 39% - 40% - 21:41
2 - 32% - 30% - 18:01
3 - 22% - 20% - 12:20
4 - 7% - 10% - 3:49
PP Forward
1 - 71% - 60% - 1:25
2 - 29% - 40% - 0:34
PP Defense
1 - 76% - 60% - 1:30
2 - 24% - 40% - 0:29
PK Forward
1 - 80% - 60% - 1:44
2 - 20% - 40% - 0:26
PK Defense
1 - 63% - 60% - 1:22
2 - 37% - 40% - 0:48
PK3 Forward
1 - 0% - 60%
2 - 0% - 40%
PK3 Defense
1 - 0% - 60%
2 - 0% - 40%
44 Forward
1 - 0% - 60%
2 - 0% - 40%
44 Defense
1 - 0% - 60%
2 - 0% - 40%
Last Minute Offensive - 0:00
Last Minute Defensive - 0:00
Total
Forward - 60:00
Defense - 60:00
|
% Time on Ice - Rafales
Lines # - Real PCT - Wanted PCT - Time Play
Normal Forward
1 - 34% - 40% - 19:07
2 - 27% - 30% - 15:12
3 - 23% - 20% - 13:01
4 - 15% - 10% - 8:31
Normal Defense
1 - 37% - 40% - 20:48
2 - 33% - 30% - 18:22
3 - 22% - 20% - 12:08
4 - 8% - 10% - 4:33
PP Forward
1 - 60% - 60% - 1:18
2 - 40% - 40% - 0:52
PP Defense
1 - 62% - 60% - 1:20
2 - 38% - 40% - 0:50
PK Forward
1 - 91% - 60% - 1:48
2 - 9% - 40% - 0:11
PK Defense
1 - 58% - 60% - 1:09
2 - 42% - 40% - 0:50
PK3 Forward
1 - 0% - 60%
2 - 0% - 40%
PK3 Defense
1 - 0% - 60%
2 - 0% - 40%
44 Forward
1 - 0% - 60%
2 - 0% - 40%
44 Defense
1 - 0% - 60%
2 - 0% - 40%
Last Minute Offensive - 0:00
Last Minute Defensive - 0:00
Total
Forward - 60:00
Defense - 60:00
|
Play-by-Play
1st period
0:01 of 1st period - Michael Latta wins face-off versus Andrew Shaw in neutral zone.
2:00 of 1st period - Wrist shot by Juraj Mikus.
2:00 of 1st period - Stopped by Leland Irving without a rebound.
2:01 of 1st period - Cedric Paquette wins face-off versus Juraj Mikus in Rafales zone.
2:06 of 1st period - Julius Honka is hit by Maksim Mayorov and loses puck.
2:13 of 1st period - Wrist shot by Maksim Mayorov.
2:13 of 1st period - Deflect By Cedric Paquette.
2:13 of 1st period - Stopped by Joe Cannata with a rebound.
2:15 of 1st period - Snap shot by Cedric Paquette.
2:15 of 1st period - Stopped by Joe Cannata with a rebound.
2:17 of 1st period - Slapshot by Joey Laleggia.
2:17 of 1st period - Deflect By Juraj Mikus.
2:17 of 1st period - Stopped by Joe Cannata with a rebound.
2:29 of 1st period - Wrist shot by Luke Witkowski.
2:29 of 1st period - Stopped by Leland Irving with a rebound.
2:31 of 1st period - Slapshot by Mason Raymond.
2:31 of 1st period - Stopped by Leland Irving with a rebound.
2:33 of 1st period - Slapshot by Michael Latta.
2:33 of 1st period - Stopped by Leland Irving without a rebound.
2:34 of 1st period - Carl Hagelin wins face-off versus Kevin Veilleux in Rafales zone.
3:13 of 1st period - Snap shot by Luke Witkowski.
3:13 of 1st period - Stopped by Leland Irving without a rebound.
3:14 of 1st period - Jayson Megna wins face-off versus Juraj Mikus in Rafales zone.
3:39 of 1st period - Bruno Gervais is hit by Mason Raymond and loses puck.
4:13 of 1st period - Wrist shot by Alexander Wennberg.
4:13 of 1st period - Deflect By Carl Hagelin.
4:13 of 1st period - Stopped by Leland Irving without a rebound.
4:14 of 1st period - Carl Klingberg wins face-off versus Alexander Wennberg in Rafales zone.
4:14 of 1st period - Carl Klingberg is hit by Nick Mattson.
4:49 of 1st period - Icing by Dylan McIlrath.
4:50 of 1st period - Michael Latta wins face-off versus Nathan Davis in Rafales zone.
4:55 of 1st period - Wrist shot by Michael Latta.
4:55 of 1st period - Stopped by Leland Irving with a rebound.
4:57 of 1st period - Slapshot by Patrick Sieloff.
4:57 of 1st period - Shot Blocked by Andrew Shaw.
4:59 of 1st period - Wrist shot by Michael Latta.
4:59 of 1st period - Stopped by Leland Irving without a rebound.
5:00 of 1st period - Michael Latta wins face-off versus Kevin Veilleux in Rafales zone.
5:11 of 1st period - Wrist shot by Luke Witkowski.
5:11 of 1st period - Shot Misses the Net.
5:35 of 1st period - Slapshot by Tim Crowder.
5:35 of 1st period - Shot Misses the Net.
6:16 of 1st period - Wrist shot by Alexander Wennberg.
6:16 of 1st period - Shot Misses the Net.
6:18 of 1st period - Wrist shot by Rhett Rakhshani.
6:18 of 1st period - Shot Blocked by Bruno Gervais.
6:20 of 1st period - Slapshot by Jake McCabe.
6:20 of 1st period - Shot Blocked by Brian Ferlin.
6:22 of 1st period - Snap shot by Dalton Prout.
6:22 of 1st period - Shot Blocked by Bruno Gervais.
6:24 of 1st period - Snap shot by Carl Hagelin.
6:24 of 1st period - Goal by Carl Hagelin - Saguenéens : 1 - Rafales : 0.
6:25 of 1st period - Carl Klingberg wins face-off versus Michael Latta in neutral zone.
7:35 of 1st period - Wrist shot by James Marcou.
7:35 of 1st period - Shot Misses the Net.
7:41 of 1st period - Snap shot by Ben Thomson.
7:41 of 1st period - Shot Blocked by Dalton Prout.
7:43 of 1st period - Snap shot by Jayson Megna.
7:43 of 1st period - Shot Misses the Net.
8:07 of 1st period - Snap shot by Nathan Davis.
8:07 of 1st period - Goal by Nathan Davis - Saguenéens : 1 - Rafales : 1.
8:08 of 1st period - Nathan Davis wins face-off versus Michael Latta in neutral zone.
8:11 of 1st period - Luke Witkowski is hit by Bruno Gervais and loses puck.
9:04 of 1st period - Slapshot by Alexander Wennberg.
9:04 of 1st period - Shot Misses the Net.
9:16 of 1st period - Wrist shot by Ben Thomson.
9:16 of 1st period - Shot Misses the Net.
10:00 of 1st period - Snap shot by Luke Witkowski.
10:00 of 1st period - Stopped by Leland Irving with a rebound.
10:02 of 1st period - Snap shot by Luke Witkowski.
10:02 of 1st period - Stopped by Leland Irving with a rebound.
10:18 of 1st period - Slapshot by Kevin Veilleux.
10:18 of 1st period - Shot Hit the Post.
10:20 of 1st period - Wrist shot by Brian Ferlin.
10:20 of 1st period - Shot Misses the Net.
10:48 of 1st period - Wrist shot by Maksim Mayorov.
10:48 of 1st period - Goal by Maksim Mayorov - Saguenéens : 1 - Rafales : 2.
10:49 of 1st period - Alexander Wennberg wins face-off versus Nathan Davis in neutral zone.
10:52 of 1st period - Nathan Davis is hit by Duncan Siemens and loses puck.
11:01 of 1st period - Rhett Rakhshani is hit by Bruno Gervais and loses puck.
11:46 of 1st period - Wrist shot by Craig Cunningham.
11:46 of 1st period - Shot Misses the Net.
12:41 of 1st period - Joey Laleggia is hit by Craig Cunningham and loses puck.
13:05 of 1st period - Slapshot by Tim Crowder.
13:05 of 1st period - Shot Misses the Net.
13:07 of 1st period - Slapshot by Dylan McIlrath.
13:07 of 1st period - Shot Misses the Net.
13:09 of 1st period - Slapshot by Dylan McIlrath.
13:09 of 1st period - Stopped by Joe Cannata with a rebound.
13:27 of 1st period - Wrist shot by Ben Thomson.
13:27 of 1st period - Shot Misses the Net.
13:31 of 1st period - Wrist shot by Ben Thomson.
13:31 of 1st period - Shot Misses the Net.
13:33 of 1st period - Slapshot by Connor Murphy.
13:33 of 1st period - Shot Blocked by Dalton Prout.
13:35 of 1st period - Slapshot by Ben Thomson.
13:35 of 1st period - Deflect By James Marcou.
13:35 of 1st period - Shot Blocked by Dalton Prout.
13:35 of 1st period - Puck is out of play.
13:36 of 1st period - Nathan Davis wins face-off versus Michael Latta in Saguenéens zone.
13:39 of 1st period - Slapshot by Carl Klingberg.
13:39 of 1st period - Stopped by Joe Cannata with a rebound.
13:41 of 1st period - Slapshot by Connor Murphy.
13:41 of 1st period - Goal by Connor Murphy - Saguenéens : 1 - Rafales : 3.
13:42 of 1st period - Michael Latta wins face-off versus Nathan Davis in neutral zone.
14:33 of 1st period - Tim Crowder is hit by Duncan Siemens and loses puck.
14:54 of 1st period - Wrist shot by Ben Thomson.
14:54 of 1st period - Stopped by Joe Cannata with a rebound.
15:57 of 1st period - Off-side.
15:58 of 1st period - Jayson Megna wins face-off versus Tanner Richard in neutral zone.
16:01 of 1st period - Snap shot by Connor Murphy.
16:01 of 1st period - Stopped by Joe Cannata without a rebound.
16:02 of 1st period - James Marcou wins face-off versus Tanner Richard in Saguenéens zone.
16:31 of 1st period - Snap shot by Carl Klingberg.
16:31 of 1st period - Shot Misses the Net.
16:33 of 1st period - Slapshot by Carl Klingberg.
16:33 of 1st period - Goal by Carl Klingberg - Saguenéens : 1 - Rafales : 4.
16:33 of 1st period - Tyler Beskorowany enters game.
16:34 of 1st period - Nathan Davis wins face-off versus Michael Latta in neutral zone.
16:39 of 1st period - Snap shot by Nathan Davis.
16:39 of 1st period - Deflect By Andrew Shaw.
16:39 of 1st period - Stopped by Tyler Beskorowany with a rebound.
16:42 of 1st period - Icing by Dalton Prout.
16:43 of 1st period - Michael Latta wins face-off versus Nathan Davis in Saguenéens zone.
16:43 of 1st period - Michael Latta is hit by Andrew Shaw.
16:59 of 1st period - Wrist shot by Andrew Shaw.
16:59 of 1st period - Stopped by Tyler Beskorowany without a rebound.
17:00 of 1st period - Alexander Wennberg wins face-off versus Kevin Veilleux in Saguenéens zone.
17:06 of 1st period - Off-side.
17:07 of 1st period - Kevin Veilleux wins face-off versus Alexander Wennberg in neutral zone.
17:10 of 1st period - Slapshot by Connor Murphy.
17:10 of 1st period - Shot Blocked by Alexander Wennberg.
17:27 of 1st period - Carl Hagelin is hit by Brian Ferlin and loses puck.
18:10 of 1st period - Wrist shot by Alexander Wennberg.
18:10 of 1st period - Shot Misses the Net.
18:12 of 1st period - Snap shot by Carl Hagelin.
18:12 of 1st period - Stopped by Leland Irving with a rebound.
18:14 of 1st period - Wrist shot by Carl Hagelin.
18:14 of 1st period - Shot Misses the Net.
18:16 of 1st period - Slapshot by Jake McCabe.
18:16 of 1st period - Shot Hit the Post.
19:07 of 1st period - Snap shot by Carl Hagelin.
19:07 of 1st period - Stopped by Leland Irving without a rebound.
19:08 of 1st period - Nathan Davis wins face-off versus Michael Latta in Rafales zone.
19:13 of 1st period - Snap shot by Carl Klingberg.
19:13 of 1st period - Shot Misses the Net.
19:23 of 1st period - Wrist shot by Michael Latta.
19:23 of 1st period - Goal by Michael Latta - Saguenéens : 2 - Rafales : 4.
19:24 of 1st period - Nathan Davis wins face-off versus Michael Latta in neutral zone.
19:54 of 1st period - Julian Melchiori is hit by Mason Raymond and loses puck.
Goals for this period are 2 for Saguenéens vs 4 for Rafales.
Shots for this period are 14 for Saguenéens vs 13 for Rafales.
2nd period
0:01 of 2nd period - Michael Latta wins face-off versus Nathan Davis in neutral zone.
0:34 of 2nd period - Snap shot by Juraj Mikus.
0:34 of 2nd period - Shot Misses the Net.
0:36 of 2nd period - Snap shot by Juraj Mikus.
0:36 of 2nd period - Stopped by Leland Irving with a rebound.
1:08 of 2nd period - Wrist shot by Mason Raymond.
1:08 of 2nd period - Shot Misses the Net.
1:10 of 2nd period - Slapshot by Michael Latta.
1:10 of 2nd period - Shot Blocked by Slater Koekkoek.
1:12 of 2nd period - Wrist shot by Luke Witkowski.
1:12 of 2nd period - Stopped by Leland Irving with a rebound.
1:33 of 2nd period - Nathan Davis is hit by Craig Cunningham and loses puck.
2:28 of 2nd period - Wrist shot by Craig Cunningham.
2:28 of 2nd period - Shot Blocked by Andrew Shaw.
2:49 of 2nd period - Snap shot by Ben Thomson.
2:49 of 2nd period - Goal by Ben Thomson - Saguenéens : 2 - Rafales : 5.
2:50 of 2nd period - Luke Witkowski wins face-off versus Nathan Davis in neutral zone.
3:15 of 2nd period - Maksim Mayorov is hit by Dalton Prout and loses puck.
3:34 of 2nd period - Off-side.
3:35 of 2nd period - Kevin Veilleux wins face-off versus Alexander Wennberg in neutral zone.
3:42 of 2nd period - Snap shot by Chris Terry.
3:42 of 2nd period - Shot Misses the Net.
3:44 of 2nd period - Snap shot by Kevin Veilleux.
3:44 of 2nd period - Shot Misses the Net.
3:50 of 2nd period - Wrist shot by Brian Ferlin.
3:50 of 2nd period - Shot Blocked by Alexander Wennberg.
4:19 of 2nd period - Snap shot by Juraj Mikus.
4:19 of 2nd period - Shot Misses the Net.
6:01 of 2nd period - Alexander Wennberg is hit by Cedric Paquette and loses puck.
6:10 of 2nd period - Slapshot by Connor Murphy.
6:10 of 2nd period - Deflect By Juraj Mikus.
6:10 of 2nd period - Stopped by Tyler Beskorowany with a rebound.
6:32 of 2nd period - Slapshot by Maksim Mayorov.
6:32 of 2nd period - Shot Misses the Net.
6:34 of 2nd period - Slapshot by Connor Murphy.
6:34 of 2nd period - Deflect By Craig Cunningham.
6:34 of 2nd period - Stopped by Tyler Beskorowany with a rebound.
6:36 of 2nd period - Wrist shot by Tim Crowder.
6:36 of 2nd period - Shot Blocked by Duncan Siemens.
6:38 of 2nd period - Slapshot by Maksim Mayorov.
6:38 of 2nd period - Shot Blocked by Julius Honka.
6:40 of 2nd period - Slapshot by Tim Crowder.
6:40 of 2nd period - Stopped by Tyler Beskorowany with a rebound.
6:42 of 2nd period - Snap shot by Bruno Gervais.
6:42 of 2nd period - Shot Misses the Net.
6:44 of 2nd period - Snap shot by Tim Crowder.
6:44 of 2nd period - Stopped by Tyler Beskorowany with a rebound.
6:46 of 2nd period - Slapshot by Connor Murphy.
6:46 of 2nd period - Shot Blocked by Duncan Siemens.
6:48 of 2nd period - Slapshot by Bruno Gervais.
6:48 of 2nd period - Stopped by Tyler Beskorowany with a rebound.
6:54 of 2nd period - Wrist shot by Tim Crowder.
6:54 of 2nd period - Stopped by Tyler Beskorowany with a rebound.
6:56 of 2nd period - Snap shot by Maksim Mayorov.
6:56 of 2nd period - Goal by Maksim Mayorov - Saguenéens : 2 - Rafales : 6.
6:57 of 2nd period - Michael Latta wins face-off versus Nathan Davis in neutral zone.
9:13 of 2nd period - Snap shot by Chris Terry.
9:13 of 2nd period - Stopped by Tyler Beskorowany without a rebound.
9:14 of 2nd period - Nathan Davis wins face-off versus Alexander Wennberg in Saguenéens zone.
9:19 of 2nd period - Snap shot by Nathan Davis.
9:19 of 2nd period - Shot Misses the Net.
10:05 of 2nd period - Snap shot by Michael Latta.
10:05 of 2nd period - Shot Misses the Net.
11:17 of 2nd period - Bruno Gervais is hit by Craig Cunningham and loses puck.
11:36 of 2nd period - Slapshot by Carl Klingberg.
11:36 of 2nd period - Stopped by Tyler Beskorowany without a rebound.
11:37 of 2nd period - Nathan Davis wins face-off versus Alexander Wennberg in Saguenéens zone.
12:27 of 2nd period - Wrist shot by Craig Cunningham.
12:27 of 2nd period - Shot Misses the Net.
12:29 of 2nd period - Snap shot by Juraj Mikus.
12:29 of 2nd period - Stopped by Leland Irving with a rebound.
12:31 of 2nd period - Snap shot by Adam Erne.
12:31 of 2nd period - Shot Misses the Net.
12:57 of 2nd period - Snap shot by Alexander Wennberg.
12:57 of 2nd period - Deflect By Carl Hagelin.
12:57 of 2nd period - Stopped by Leland Irving without a rebound.
12:58 of 2nd period - Alexander Wennberg wins face-off versus Nathan Davis in Rafales zone.
13:34 of 2nd period - Duncan Siemens is hit by Chris Terry and loses puck.
13:56 of 2nd period - Julius Honka is hit by Cedric Paquette and loses puck.
15:29 of 2nd period - Craig Cunningham is hit by Joey Laleggia and loses puck.
15:37 of 2nd period - Jayson Megna and Julius Honka fight to a draw.
15:37 of 2nd period - Penalty to Jayson Megna for Fighting.
15:37 of 2nd period - Penalty to Julius Honka for Fighting.
15:38 of 2nd period - Alexander Wennberg wins face-off versus Nathan Davis in neutral zone.
16:06 of 2nd period - Minor Penalty to Adam Erne for High sticking.
16:07 of 2nd period - Nathan Davis wins face-off versus Luke Witkowski in Saguenéens zone.
16:09 of 2nd period - Wrist shot by Carl Klingberg.
16:09 of 2nd period - Shot Misses the Net.
16:17 of 2nd period - Slapshot by Nathan Davis.
16:17 of 2nd period - Goal by Nathan Davis - Saguenéens : 2 - Rafales : 7.
16:18 of 2nd period - Michael Latta wins face-off versus Nathan Davis in neutral zone.
17:29 of 2nd period - Wrist shot by Teemu Pulkkinen.
17:29 of 2nd period - Stopped by Leland Irving with a rebound.
17:31 of 2nd period - Slapshot by Duncan Siemens.
17:31 of 2nd period - Goal by Duncan Siemens - Saguenéens : 3 - Rafales : 7.
17:32 of 2nd period - Nathan Davis wins face-off versus Michael Latta in neutral zone.
18:20 of 2nd period - Patrick Sieloff is hit by Cedric Paquette and loses puck.
18:25 of 2nd period - Wrist shot by Maksim Mayorov.
18:25 of 2nd period - Shot Misses the Net.
18:33 of 2nd period - Slater Koekkoek is hit by Juraj Mikus and loses puck.
18:46 of 2nd period - Nick Mattson is hit by Nathan Davis and loses puck.
18:55 of 2nd period - Andrew Shaw is hit by Luke Witkowski and loses puck.
19:12 of 2nd period - Connor Murphy is hit by Rhett Rakhshani and loses puck.
19:25 of 2nd period - Patrick Sieloff is hit by Bruno Gervais and loses puck.
Goals for this period are 1 for Saguenéens vs 3 for Rafales.
Shots for this period are 6 for Saguenéens vs 11 for Rafales.
3rd period
0:01 of 3rd period - Michael Latta wins face-off versus Nathan Davis in neutral zone.
0:42 of 3rd period - Backhand shot by Michael Latta.
0:42 of 3rd period - Stopped by Leland Irving without a rebound.
0:43 of 3rd period - Juraj Mikus wins face-off versus Kevin Veilleux in Rafales zone.
0:54 of 3rd period - Wrist shot by Craig Cunningham.
0:54 of 3rd period - Shot Blocked by Bruno Gervais.
0:56 of 3rd period - Snap shot by Duncan Siemens.
0:56 of 3rd period - Stopped by Leland Irving with a rebound.
1:35 of 3rd period - Maksim Mayorov is hit by Patrick Sieloff and loses puck.
2:23 of 3rd period - Snap shot by Rhett Rakhshani.
2:23 of 3rd period - Goal by Rhett Rakhshani - Saguenéens : 4 - Rafales : 7.
2:24 of 3rd period - Michael Latta wins face-off versus Nathan Davis in neutral zone.
2:36 of 3rd period - Snap shot by Nathan Davis.
2:36 of 3rd period - Stopped by Tyler Beskorowany without a rebound.
2:37 of 3rd period - Nathan Davis wins face-off versus Michael Latta in Saguenéens zone.
3:02 of 3rd period - Connor Murphy is hit by Juraj Mikus and loses puck.
4:29 of 3rd period - Andrew Shaw is hit by Juraj Mikus and loses puck.
4:34 of 3rd period - Wrist shot by Craig Cunningham.
4:34 of 3rd period - Stopped by Leland Irving with a rebound.
4:36 of 3rd period - Snap shot by Adam Erne.
4:36 of 3rd period - Stopped by Leland Irving with a rebound.
4:38 of 3rd period - Wrist shot by Adam Erne.
4:38 of 3rd period - Stopped by Leland Irving without a rebound.
4:39 of 3rd period - Alexander Wennberg wins face-off versus Cedric Paquette in Rafales zone.
4:56 of 3rd period - Alexander Wennberg is hit by Cedric Paquette and loses puck.
5:17 of 3rd period - Snap shot by Juraj Mikus.
5:17 of 3rd period - Shot Misses the Net.
5:29 of 3rd period - Snap shot by Maksim Mayorov.
5:29 of 3rd period - Shot Misses the Net.
5:47 of 3rd period - Snap shot by Nathan Davis.
5:47 of 3rd period - Goal by Nathan Davis - Saguenéens : 4 - Rafales : 8.
5:47 of 3rd period - Joe Cannata enters game.
5:48 of 3rd period - Nathan Davis wins face-off versus Michael Latta in neutral zone.
5:53 of 3rd period - Snap shot by Andrew Shaw.
5:53 of 3rd period - Shot Hit the Post.
5:55 of 3rd period - Wrist shot by Carl Klingberg.
5:55 of 3rd period - Deflect By Jake McCabe.
5:55 of 3rd period - Stopped by Joe Cannata with a rebound.
5:57 of 3rd period - Snap shot by Nathan Davis.
5:57 of 3rd period - Shot Misses the Net.
5:59 of 3rd period - Slapshot by Connor Murphy.
5:59 of 3rd period - Stopped by Joe Cannata without a rebound.
6:00 of 3rd period - Michael Latta wins face-off versus Nathan Davis in Saguenéens zone.
6:00 of 3rd period - Michael Latta is hit by Andrew Shaw.
6:13 of 3rd period - Luke Witkowski is hit by Andrew Shaw and loses puck.
6:26 of 3rd period - Jake McCabe is hit by Brian Ferlin and loses puck.
7:21 of 3rd period - Nick Mattson is hit by Julian Melchiori and loses puck.
8:00 of 3rd period - Minor Penalty to Adam Erne for Interference.
8:01 of 3rd period - Luke Witkowski wins face-off versus Carl Klingberg in Saguenéens zone.
8:15 of 3rd period - Wrist shot by Nathan Davis.
8:15 of 3rd period - Stopped by Joe Cannata with a rebound.
8:17 of 3rd period - Slapshot by Bruno Gervais.
8:17 of 3rd period - Shot Misses the Net.
8:47 of 3rd period - Nathan Davis is hit by Dalton Prout and loses puck.
9:04 of 3rd period - Nick Mattson is hit by Brian Ferlin.
9:20 of 3rd period - Nick Mattson is hit by Nathan Davis and loses puck.
9:42 of 3rd period - Off-side.
9:43 of 3rd period - Kevin Veilleux wins face-off versus Michael Latta in neutral zone.
10:00 of 3rd period - Penalty to Adam Erne is over, Adam Erne is back on ice.
10:19 of 3rd period - Snap shot by Rhett Rakhshani.
10:19 of 3rd period - Stopped by Leland Irving without a rebound.
10:20 of 3rd period - Adam Erne wins face-off versus Jayson Megna in Rafales zone.
10:21 of 3rd period - Slapshot by Juraj Mikus.
10:21 of 3rd period - Stopped by Leland Irving without a rebound.
10:22 of 3rd period - Jayson Megna wins face-off versus Adam Erne in Rafales zone.
10:22 of 3rd period - Jayson Megna is hit by Julius Honka.
10:34 of 3rd period - Wrist shot by Juraj Mikus.
10:34 of 3rd period - Stopped by Leland Irving without a rebound.
10:35 of 3rd period - Nathan Davis wins face-off versus Michael Latta in Rafales zone.
10:35 of 3rd period - Nathan Davis is hit by Jake McCabe.
10:43 of 3rd period - Slapshot by Connor Murphy.
10:43 of 3rd period - Shot Misses the Net.
11:01 of 3rd period - Alexander Wennberg is hit by Brian Ferlin and loses puck.
11:41 of 3rd period - Wrist shot by Ben Thomson.
11:41 of 3rd period - Shot Blocked by Teemu Pulkkinen.
11:43 of 3rd period - Slapshot by Joey Laleggia.
11:43 of 3rd period - Deflect By Ben Thomson.
11:43 of 3rd period - Stopped by Joe Cannata with a rebound.
11:47 of 3rd period - Slapshot by James Marcou.
11:47 of 3rd period - Shot Blocked by Dalton Prout.
11:49 of 3rd period - Slapshot by Jayson Megna.
11:49 of 3rd period - Stopped by Joe Cannata without a rebound.
11:50 of 3rd period - Nathan Davis wins face-off versus Michael Latta in Saguenéens zone.
11:53 of 3rd period - Wrist shot by Andrew Shaw.
11:53 of 3rd period - Shot Misses the Net.
12:58 of 3rd period - Snap shot by Luke Witkowski.
12:58 of 3rd period - Stopped by Leland Irving with a rebound.
13:00 of 3rd period - Slapshot by Teemu Pulkkinen.
13:00 of 3rd period - Deflect By Luke Witkowski.
13:00 of 3rd period - Shot Blocked by Bruno Gervais.
13:00 of 3rd period - Puck is out of play.
13:01 of 3rd period - Nathan Davis wins face-off versus Tanner Richard in Rafales zone.
13:22 of 3rd period - Dylan McIlrath is hit by Tanner Richard and loses puck.
13:32 of 3rd period - Slapshot by Teemu Pulkkinen.
13:32 of 3rd period - Shot Hit the Post.
13:34 of 3rd period - Slapshot by Duncan Siemens.
13:34 of 3rd period - Stopped by Leland Irving without a rebound.
13:35 of 3rd period - Carl Hagelin wins face-off versus Nathan Davis in Rafales zone.
13:36 of 3rd period - Wrist shot by Alexander Wennberg.
13:36 of 3rd period - Stopped by Leland Irving without a rebound.
13:37 of 3rd period - Alexander Wennberg wins face-off versus Nathan Davis in Rafales zone.
13:40 of 3rd period - Slapshot by Carl Hagelin.
13:40 of 3rd period - Stopped by Leland Irving with a rebound.
13:42 of 3rd period - Slapshot by Jake McCabe.
13:42 of 3rd period - Shot Misses the Net.
13:44 of 3rd period - Slapshot by Dalton Prout.
13:44 of 3rd period - Goal by Dalton Prout - Saguenéens : 5 - Rafales : 8.
13:45 of 3rd period - Michael Latta wins face-off versus Nathan Davis in neutral zone.
13:50 of 3rd period - Wrist shot by Luke Witkowski.
13:50 of 3rd period - Shot Misses the Net.
13:58 of 3rd period - Wrist shot by Andrew Shaw.
13:58 of 3rd period - Stopped by Joe Cannata without a rebound.
13:59 of 3rd period - Nathan Davis wins face-off versus Michael Latta in Saguenéens zone.
14:24 of 3rd period - Dalton Prout is hit by Cedric Paquette and loses puck.
14:49 of 3rd period - Wrist shot by James Marcou.
14:49 of 3rd period - Shot Hit the Post.
14:51 of 3rd period - Wrist shot by Ben Thomson.
14:51 of 3rd period - Shot Misses the Net.
14:53 of 3rd period - Slapshot by Joey Laleggia.
14:53 of 3rd period - Shot Misses the Net.
14:55 of 3rd period - Slapshot by Slater Koekkoek.
14:55 of 3rd period - Stopped by Joe Cannata with a rebound.
15:09 of 3rd period - Snap shot by Rhett Rakhshani.
15:09 of 3rd period - Stopped by Leland Irving without a rebound.
15:10 of 3rd period - Kevin Veilleux wins face-off versus Alexander Wennberg in Rafales zone.
15:17 of 3rd period - Slapshot by Connor Murphy.
15:17 of 3rd period - Stopped by Joe Cannata without a rebound.
15:18 of 3rd period - Nathan Davis wins face-off versus Alexander Wennberg in Saguenéens zone.
16:36 of 3rd period - Slapshot by Andrew Shaw.
16:36 of 3rd period - Shot Blocked by Dalton Prout.
16:38 of 3rd period - Wrist shot by Carl Klingberg.
16:38 of 3rd period - Stopped by Joe Cannata with a rebound.
16:40 of 3rd period - Snap shot by Nathan Davis.
16:40 of 3rd period - Shot Misses the Net.
16:42 of 3rd period - Snap shot by Andrew Shaw.
16:42 of 3rd period - Shot Misses the Net.
16:44 of 3rd period - Snap shot by Nathan Davis.
16:44 of 3rd period - Goal by Nathan Davis - Saguenéens : 5 - Rafales : 9.
16:45 of 3rd period - Nathan Davis wins face-off versus Michael Latta in neutral zone.
17:31 of 3rd period - Minor Penalty to Connor Murphy for Interference.
17:32 of 3rd period - Andrew Shaw wins face-off versus Michael Latta in Rafales zone.
17:59 of 3rd period - Wrist shot by Carl Hagelin.
17:59 of 3rd period - Stopped by Leland Irving without a rebound.
18:00 of 3rd period - Alexander Wennberg wins face-off versus Tyrell Goulbourne in Rafales zone.
18:11 of 3rd period - Wrist shot by Alexander Wennberg.
18:11 of 3rd period - Shot Misses the Net.
18:13 of 3rd period - Slapshot by Nick Mattson.
18:13 of 3rd period - Shot Blocked by Slater Koekkoek.
18:15 of 3rd period - Snap shot by Carl Hagelin.
18:15 of 3rd period - Shot Misses the Net.
18:17 of 3rd period - Slapshot by Patrick Sieloff.
18:17 of 3rd period - Shot Blocked by Bruno Gervais.
18:19 of 3rd period - Slapshot by Patrick Sieloff.
18:19 of 3rd period - Stopped by Leland Irving with a rebound.
18:21 of 3rd period - Snap shot by Rhett Rakhshani.
18:21 of 3rd period - Shot Misses the Net.
18:23 of 3rd period - Slapshot by Nick Mattson.
18:23 of 3rd period - Deflect By Rhett Rakhshani.
18:23 of 3rd period - Shot Misses the Net.
18:23 of 3rd period - Puck is out of play.
18:24 of 3rd period - Michael Latta wins face-off versus Andrew Shaw in Rafales zone.
18:33 of 3rd period - Snap shot by Michael Latta.
18:33 of 3rd period - Deflect By Luke Witkowski.
18:33 of 3rd period - Shot Blocked by Slater Koekkoek.
18:33 of 3rd period - Puck is out of play.
18:34 of 3rd period - Andrew Shaw wins face-off versus Michael Latta in Rafales zone.
19:30 of 3rd period - Dylan McIlrath is hit by Dalton Prout and loses puck.
19:31 of 3rd period - Penalty to Connor Murphy is over, Connor Murphy is back on ice.
19:39 of 3rd period - Snap shot by Luke Witkowski.
19:39 of 3rd period - Shot Misses the Net.
19:41 of 3rd period - Snap shot by Luke Witkowski.
19:41 of 3rd period - Shot Blocked by Julian Melchiori.
Goals for this period are 2 for Saguenéens vs 2 for Rafales.
Shots for this period are 17 for Saguenéens vs 12 for Rafales.
Back to the Top